[Event "Titled Tuesday Blitz February 14 Early 2023"]
[White "Aggelis, Nikolaos"]
[Black "Mujumdar, Sameer"]
[WhiteFideId "4213220"]
[BlackFideId "2029707"]
[WhiteElo "2270"]
[BlackElo "1992"]
[Result "0-1"]
[Round "06"]
[TimeControl "180+2"]
[Date "2023.02.15"]
[WhiteClock "0:01:58"]
[BlackClock "0:01:30"]

1. d4 Nf6 2. g3 g6 3. Bg2 Bg7 4. Nf3 O-O 5. O-O d6 6. Nc3 Nc6 7. e4 e5 8. dxe5 dxe5 9. Bg5 Be6 10. Bxf6 Bxf6 11. Nd5 Bg7 12. c3 Ne7 13. Ne3 f6 14. Qxd8 Rfxd8 15. Rfd1 Bh6 16. Bf1 Bxe3 17. fxe3 Kf8 18. Kf2 Rxd1 19. Rxd1 Bxa2 20. c4 Bb3 21. Rd7 Rc8 22. Rd3 Bxc4 23. Ra3 Bxf1 24. Kxf1 a6 25. Ke2 Kf7 26. Nd2 Ke6 27. Nb1 Rd8 28. Nc3 c6 29. Na4 Kd6 30. Rb3 b5 31. Rd3+ Kc7 32. Nc5 Rxd3 33. Kxd3 a5 34. Ne6+ Kd6 35. Nf8 h6 36. g4 c5 37. b3 a4 38. bxa4 bxa4 39. Kc3 f5 40. exf5 gxf5 41. gxf5 Nxf5 42. e4 Nd4 43. Ng6 a3 44. Nh4 c4 45. Ng2 Nb5+ 46. Kc2 Kc5 47. Ne3 Kd4 48. Nf5+ Kxe4 49. Nxh6 c3 50. Ng4 a2 51. Nf2+ Kf3 0-1


[Site "https://www.chess.com"]

[Event "Titled Tuesday Blitz February 14 Early 2023"]
[White "Andrews, Todd"]
[Black "Jakubowski, Krzysztof"]
[WhiteFideId "2012456"]
[BlackFideId "1112848"]
[WhiteElo "2220"]
[BlackElo "2486"]
[Result "1-0"]
[Round "06"]
[TimeControl "180+2"]
[Date "2023.02.15"]
[WhiteClock "0:00:17"]
[BlackClock "0:00:01"]

1. e4 c5 2. Nf3 d6 3. d4 cxd4 4. Nxd4 Nf6 5. Nc3 a6 6. Bc4 e6 7. Bb3 b5 8. Qe2 Be7 9. g4 O-O 10. g5 Nfd7 11. h4 Nc5 12. Be3 b4 13. Na4 Bd7 14. Nxc5 dxc5 15. Nf3 Bb5 16. Bc4 Qa5 17. Kf1 Nd7 18. Kg2 Rad8 19. a3 Nb6 20. Bxb5 axb5 21. Ne5 Qa8 22. f3 Bd6 23. axb4 Qb7 24. Nd3 cxb4 25. h5 Nc4 26. h6 gxh6 27. Rxh6 f5 28. Ra7 Nxe3+ 29. Qxe3 1-0


[Site "https://www.chess.com"]

[Event "Titled Tuesday Blitz February 14 Early 2023"]
[White "Panesar Vedant"]
[Black "Babikov, Ivan"]
[WhiteFideId "35033018"]
[BlackFideId "4161106"]
[WhiteElo "2387"]
[BlackElo "2239"]
[Result "1-0"]
[Round "06"]
[TimeControl "180+2"]
[Date "2023.02.15"]
[WhiteClock "0:00:54"]
[BlackClock "0:00:51"]

1. Nf3 d5 2. g3 c6 3. Bg2 Bg4 4. c4 e6 5. O-O Nf6 6. d3 Be7 7. Qb3 Qc8 8. Nc3 O-O 9. Ne5 Bf5 10. cxd5 exd5 11. e4 dxe4 12. dxe4 Be6 13. Qc2 Nbd7 14. Nd3 Nc5 15. Nf4 Bc4 16. Rd1 Rd8 17. b3 Be6 18. Nxe6 Qxe6 19. Be3 Ng4 20. Bd4 Ne5 21. Ne2 Ned3 22. Be3 Nb4 23. Qc3 Ncd3 24. a3 Bf6 25. Nd4 Qd6 26. axb4 Bxd4 27. Qxd3 Bxa1 28. Qxd6 Rxd6 29. Rxd6 Bc3 30. Rd7 Bxb4 31. Rxb7 a5 32. e5 Rc8 33. f4 g6 34. Kf2 Rd8 35. Bxc6 Rd3 36. Be8 Rxb3 37. Bxf7+ Kf8 38. Bxb3 h5 39. Rxb4 axb4 40. Bc5+ Kg7 41. Bxb4 h4 42. gxh4 g5 43. Kg3 Kg6 44. hxg5 Kf5 45. Bc2+ Ke6 46. Kg4 Kf7 47. g6+ Kg8 48. Kg5 Kh8 49. f5 Kg7 50. f6+ Kh8 51. g7+ Kg8 52. Bb3+ Kh7 53. g8=Q# 1-0


[Site "https://www.chess.com"]

[Event "Titled Tuesday Blitz February 14 Early 2023"]
[White "Tiarks, Jann-Christian"]
[Black "Tan, Jun Ying"]
[WhiteFideId "12951595"]
[BlackFideId "5710413"]
[WhiteElo "2222"]
[BlackElo "2307"]
[Result "0-1"]
[Round "06"]
[TimeControl "180+2"]
[Date "2023.02.15"]
[WhiteClock "0:00:12"]
[BlackClock "0:00:10"]

1. e4 c5 2. c3 Nf6 3. e5 Nd5 4. d4 cxd4 5. Nf3 b6 6. Bc4 e6 7. Qxd4 Nc6 8. Qe4 Nce7 9. Bg5 Bb7 10. O-O Qc7 11. Qe2 Ng6 12. Nbd2 h6 13. Bh4 Ndf4 14. Qd1 Nxg2 15. Bg3 N2f4 16. Re1 Nh3+ 17. Kf1 h5 18. Nh4 Nxh4 19. Bxh4 g5 20. Re3 gxh4 21. Rxh3 Be7 22. Rd3 Qxe5 23. Nf3 Qc7 24. Bb5 O-O-O 25. Qe2 Kb8 26. Rad1 d6 27. Ke1 Qc5 28. Rd4 Bxf3 29. Qxf3 Qxb5 30. Rb4 Qe5+ 31. Kd2 Bg5+ 32. Kc2 Qf5+ 33. Qxf5 exf5 34. a4 Kc7 35. Rc4+ Kb7 36. Rb4 Be7 37. a5 d5 38. Rb3 Rd6 39. axb6 axb6 40. Rb5 Rhd8 41. Rd4 Bf6 42. Rf4 d4 43. Rbxf5 Bh8 44. Rxf7+ Ka6 45. cxd4 Rxd4 46. Rxd4 Rxd4 47. Rh7 Be5 48. Rxh5 Bxh2 49. Kc3 Rf4 50. b3 Bg1 51. f3 Rxf3+ 52. Kc4 Bf2 53. b4 Rf4+ 54. Kb3 Be1 55. b5+ Ka5 56. Re5 Rb4+ 57. Ka3 Bc3 58. Re8 Bb2+ 59. Ka2 Kxb5 60. Rf8 Bd4 61. Rf5+ Bc5 62. Rh5 Ra4+ 63. Kb3 Rb4+ 64. Kc3 Rc4+ 65. Kd3 Kb4 66. Rh7 Rd4+ 67. Kc2 Kc4 68. Rh5 b5 0-1


[Site "https://www.chess.com"]

[Event "Titled Tuesday Blitz February 14 Early 2023"]
[White "Koellner, Ruben Gideon"]
[Black "Mouhamad, Joachim"]
[WhiteFideId "12993093"]
[BlackFideId "656410"]
[WhiteElo "2426"]
[BlackElo "2238"]
[Result "1-0"]
[Round "06"]
[TimeControl "180+2"]
[Date "2023.02.15"]
[WhiteClock "0:00:10"]
[BlackClock "0:00:03"]

1. d4 d5 2. Nf3 e6 3. e3 Nf6 4. Nbd2 b6 5. Bd3 Bb7 6. Ne5 Nbd7 7. f4 Be7 8. Qf3 c5 9. c3 a5 10. a4 cxd4 11. exd4 Ba6 12. Bxa6 Rxa6 13. g4 Qa8 14. g5 Ne4 15. Nxd7 Nxd2 16. Bxd2 Kxd7 17. f5 Qc6 18. O-O Rf8 19. Qh3 b5 20. Qxh7 Qc4 21. Qxg7 Qd3 22. Bf4 Qxf5 23. axb5 Qg4+ 24. Kh1 Raa8 25. Qe5 Rfc8 26. b6 Rab8 27. Rxa5 Rxb6 28. Ra7+ Ke8 29. Qh8+ Bf8 30. Qf6 Qh5 31. b4 Rbc6 32. Bd2 R6c7 33. Rxc7 Rxc7 34. Qf3 Qg6 35. Qe2 Bd6 36. Rf6 Qh7 37. Rh6 Qb1+ 38. Kg2 Ra7 39. g6 fxg6 40. Qxe6+ Be7 41. Rh8# 1-0


[Site "https://www.chess.com"]

[Event "Titled Tuesday Blitz February 14 Early 2023"]
[White "Iljin, Timofey"]
[Black "Mohamed Anees M"]
[WhiteFideId "14110180"]
[BlackFideId "35065815"]
[WhiteElo "2329"]
[BlackElo "2315"]
[Result "0-1"]
[Round "06"]
[TimeControl "180+2"]
[Date "2023.02.15"]
[WhiteClock "0:00:05"]
[BlackClock "0:00:17"]

1. e4 c5 2. c3 d5 3. exd5 Qxd5 4. d4 Nf6 5. Nf3 Nc6 6. Be3 e6 7. dxc5 Qxd1+ 8. Kxd1 Ng4 9. b4 Nxe3+ 10. fxe3 Be7 11. Nbd2 a5 12. Bb5 O-O 13. Bxc6 bxc6 14. Kc2 Ba6 15. Nd4 Rfc8 16. a4 g6 17. b5 Bb7 18. N2b3 cxb5 19. axb5 a4 20. c6 axb3+ 21. Kxb3 Rxa1 22. cxb7 Ra3+ 23. Kb2 Raxc3 24. Nc6 R3xc6 25. bxc6 Rb8 26. Rd1 Bf6+ 27. Kb3 Be5 28. h3 Kf8 29. Ka4 Ke8 30. Kb5 Rd8 31. Rb1 Rd5+ 32. Ka6 Bb8 33. e4 Rd6 34. Kb6 Kd8 35. Ra1 Rd2 36. Rb1 h5 37. g4 h4 38. Rb3 Rd4 39. e5 Bxe5 40. Ra3 Rb4+ 41. Kc5 Rb1 42. Ra8+ Ke7 43. Rc8 Bd6+ 44. Kc4 Kf6 45. Kd3 Ke5 46. Kc4 f5 47. g5 f4 48. Rd8 f3 49. Rd7 f2 50. Rf7 f1=Q+ 51. Rxf1 Rxf1 52. Kb5 Rb1+ 53. Ka6 Bb8 54. Ka5 Kd6 55. c7 Bxc7+ 56. Ka6 Kc5 57. Ka7 Ra1# 0-1


[Site "https://www.chess.com"]

[Event "Titled Tuesday Blitz February 14 Early 2023"]
[White "Fries-Nielsen, Jens Ove"]
[Black "Begunov, Konstantin"]
[WhiteFideId "1400142"]
[BlackFideId "4118510"]
[WhiteElo "2377"]
[BlackElo "2325"]
[Result "1-0"]
[Round "06"]
[TimeControl "180+2"]
[Date "2023.02.15"]
[WhiteClock "0:02:01"]
[BlackClock "0:00:02"]

1. d4 d5 2. Nf3 c6 3. e3 Bg4 4. c4 e6 5. Nc3 Nd7 6. h3 Bh5 7. Be2 f5 8. Qc2 Bd6 9. g4 Bg6 10. gxf5 Bxf5 11. Bd3 Bxd3 12. Qxd3 Qf6 13. e4 Bb4 14. e5 Qf5 15. Qxf5 exf5 16. cxd5 cxd5 17. Bd2 Ne7 18. Nb5 Bxd2+ 19. Kxd2 O-O 20. Rac1 a6 21. Nd6 Nb6 22. b3 Rab8 23. Rhg1 Nec8 24. Rc7 g6 25. h4 Na8 26. Rxb7 Nxd6 27. Rxb8 Ne4+ 28. Ke3 Rxb8 29. Rc1 Kf7 30. Rc6 Rb6 31. Rc8 Rb5 32. Rxa8 a5 33. Ra7+ Kg8 34. Ng5 Nxg5 35. hxg5 1-0


[Site "https://www.chess.com"]

[Event "Titled Tuesday Blitz February 14 Early 2023"]
[White "Martynov, Pavel"]
[Black "Jarocka, Liwia"]
[WhiteFideId "4101260"]
[BlackFideId "21807558"]
[WhiteElo "2414"]
[BlackElo "2225"]
[Result "1/2-1/2"]
[Round "06"]
[TimeControl "180+2"]
[Date "2023.02.15"]
[WhiteClock "0:00:22"]
[BlackClock "0:00:40"]

1. e4 c5 2. Nf3 Nc6 3. Bb5 g6 4. O-O Bg7 5. c3 Nf6 6. Re1 O-O 7. h3 Qc7 8. Na3 e5 9. Nc2 a6 10. Bf1 Re8 11. b3 d5 12. d3 b5 13. Ne3 dxe4 14. dxe4 Bb7 15. a4 Rad8 16. Qc2 b4 17. Bc4 bxc3 18. Qxc3 Nxe4 19. Qc2 Nb4 20. Qb1 Nc3 21. Qb2 Bxf3 22. Qxc3 e4 23. Qxg7+ Kxg7 24. Bb2+ Kg8 25. gxf3 exf3 26. Ng4 Rxe1+ 27. Rxe1 h5 28. Nf6+ Kf8 29. Nh7+ Kg8 30. Nf6+ Kf8 31. Nh7+ Kg8 32. Nf6+ 1/2-1/2


[Site "https://www.chess.com"]

[Event "Titled Tuesday Blitz February 14 Early 2023"]
[White "Szente Varga, Fruzsina"]
[Black "Dobrikov, Marco"]
[WhiteFideId "712264"]
[BlackFideId "12950378"]
[WhiteElo "2075"]
[BlackElo "2269"]
[Result "0-1"]
[Round "06"]
[TimeControl "180+2"]
[Date "2023.02.15"]
[WhiteClock "0:00:09"]
[BlackClock "0:01:11"]

1. e4 Nc6 2. d4 d5 3. e5 Bf5 4. c3 e6 5. Bd3 Bxd3 6. Qxd3 Nb8 7. Qb5+ Nd7 8. Qxb7 c5 9. Ne2 Ne7 10. O-O Nf5 11. Qa6 Be7 12. Qd3 O-O 13. Nd2 cxd4 14. cxd4 Qb6 15. f4 Rfc8 16. Kh1 Nb8 17. g4 Nh6 18. Rg1 Nc6 19. Nf3 Nb4 20. Qd1 Rc7 21. f5 Rac8 22. Bxh6 gxh6 23. f6 Bf8 24. Ng3 Rc2 25. g5 Kh8 26. gxh6 Bxh6 27. Nh4 Be3 28. Rg2 Rc1 0-1


[Site "https://www.chess.com"]

[Event "Titled Tuesday Blitz February 14 Early 2023"]
[White "Tologon tegin, Semetei"]
[Black "Koridze, Lile"]
[WhiteFideId "13800574"]
[BlackFideId "13612514"]
[WhiteElo "2372"]
[BlackElo "2191"]
[Result "0-1"]
[Round "06"]
[TimeControl "180+2"]
[Date "2023.02.15"]
[WhiteClock "0:00:02"]
[BlackClock "0:00:22"]

1. Nf3 Nf6 2. g3 b5 3. Bg2 Bb7 4. Na3 a6 5. c4 b4 6. Nc2 e6 7. d4 c5 8. O-O Be7 9. Be3 Qc7 10. b3 O-O 11. Qd3 d6 12. Ng5 h6 13. Ne4 Nbd7 14. Rad1 d5 15. cxd5 Nxd5 16. dxc5 Nxc5 17. Nxc5 Bxc5 18. Bxc5 Qxc5 19. Bxd5 Bxd5 20. Ne3 Bb7 21. Rc1 Qa5 22. Qd2 Rfd8 23. Qb2 Qh5 24. Rc7 Be4 25. f3 Qg5 26. Qc1 Bg6 27. Rc5 Qe7 28. Rc4 a5 29. Rd1 Rxd1+ 30. Qxd1 Rd8 31. Qc1 Qa7 32. Kg2 Qd7 33. Kf2 Qd2 34. Qa1 Bd3 35. Qe1 Qxa2 36. Rc5 Bg6 37. Qc1 Qxb3 38. Rxa5 e5 39. Ng4 e4 40. Ne5 Bh7 41. f4 Qe6 42. Rb5 b3 43. Qe3 Qh3 44. Qxb3 Qxh2+ 45. Ke1 Qg1# 0-1


[Site "https://www.chess.com"]

[Event "Titled Tuesday Blitz February 14 Early 2023"]
[White "Davalos Prieto, Abel Justo"]
[Black "Manelyuk, Daniil"]
[WhiteFideId "5102766"]
[BlackFideId "44173920"]
[WhiteElo "2029"]
[BlackElo "2302"]
[Result "0-1"]
[Round "06"]
[TimeControl "180+2"]
[Date "2023.02.15"]
[WhiteClock "0:00:07"]
[BlackClock "0:00:52"]

1. c4 c5 2. Nf3 Nc6 3. d4 cxd4 4. Nxd4 g6 5. e4 Bg7 6. Be3 Nf6 7. Nc3 O-O 8. Be2 d6 9. O-O Bd7 10. Rc1 Nxd4 11. Bxd4 Bc6 12. f3 Nd7 13. Be3 a5 14. b3 Nc5 15. Nd5 Bxd5 16. cxd5 b6 17. Bb5 Qc7 18. a3 Qd8 19. b4 axb4 20. axb4 Nd7 21. Rc6 Ra3 22. Qd2 Ne5 23. Rxb6 Rb3 24. Rc1 f5 25. Rb7 fxe4 26. fxe4 Ng4 27. Bd4 Bh6 28. Qd1 e5 29. dxe6 Qh4 30. h3 Rxh3 31. gxh3 Qg3+ 32. Kh1 Qh2# 0-1


[Site "https://www.chess.com"]

[Event "Titled Tuesday Blitz February 14 Early 2023"]
[White "Piriflillo"]
[Black "Mendonca, Leon Luke"]
[BlackFideId "35028561"]
[WhiteElo "2337"]
[BlackElo "2603"]
[Result "0-1"]
[Round "06"]
[TimeControl "180+2"]
[Date "2023.02.15"]
[WhiteClock "0:00:12"]
[BlackClock "0:00:56"]

1. d4 Nf6 2. Nf3 e6 3. e3 b6 4. Bd3 Bb7 5. O-O Be7 6. Nbd2 O-O 7. e4 d5 8. e5 Ne4 9. Qe2 Nxd2 10. Bxd2 c5 11. c3 a5 12. a4 Ba6 13. Bb5 Bxb5 14. axb5 Nd7 15. b3 Rc8 16. c4 Re8 17. Rfd1 Qc7 18. cxd5 exd5 19. Bf4 Nf8 20. dxc5 Qxc5 21. Be3 Qb4 22. Bxb6 Ne6 23. Bxa5 Qxb3 24. b6 Ra8 25. Rdb1 Rxa5 26. Rxb3 Rxa1+ 27. Ne1 Nd4 28. Qe3 Nc2 29. b7 Nxe3 30. fxe3 Rb8 31. Kf2 Ra7 32. Nd3 Raxb7 33. Rc3 Bf8 34. Nf4 Re7 35. Nxd5 Rxe5 36. Nf4 g6 37. Nd3 Re7 38. Nf4 Rd8 39. Kf3 Bh6 40. Ne2 Rde8 41. Nf4 Bxf4 42. exf4 Re1 43. Rc7 Rf1+ 44. Kg3 Re2 45. Rc8+ Kg7 0-1


[Site "https://www.chess.com"]

[Event "Titled Tuesday Blitz February 14 Early 2023"]
[White "Cherniaiev, Tykhon"]
[Black "Bettalli, Francesco"]
[WhiteFideId "14182360"]
[BlackFideId "2816453"]
[WhiteElo "2330"]
[BlackElo "2252"]
[Result "1-0"]
[Round "06"]
[TimeControl "180+2"]
[Date "2023.02.15"]
[WhiteClock "0:00:03"]
[BlackClock "0:00:39"]

1. Nf3 g6 2. d4 Bg7 3. c4 c5 4. g3 cxd4 5. Nxd4 Nc6 6. Nxc6 dxc6 7. Qxd8+ Kxd8 8. Bg2 Nf6 9. O-O e5 10. Nc3 Kc7 11. Rd1 Be6 12. b3 Rhd8 13. Bb2 Rd7 14. Na4 Ne8 15. Nc5 Rxd1+ 16. Rxd1 Bc8 17. h3 b6 18. Nd3 f6 19. f4 exf4 20. Nxf4 Nd6 21. g4 Bd7 22. g5 Rf8 23. Ba3 c5 24. Nd5+ Kc8 25. Bb2 Ne8 26. gxf6 Nxf6 27. Ne7+ Kd8 28. Nc6+ Kc7 29. Nxa7 Nh5 30. Bxg7 Nxg7 31. a4 Nf5 32. Nb5+ Bxb5 33. axb5 Nd4 34. Ra1 Nxe2+ 35. Kh2 Nd4 36. Ra7+ Kd6 37. Rxh7 Nxb3 38. Rb7 Nd2 39. Rxb6+ Ke5 40. Rxg6 Nxc4 41. b6 Rb8 42. b7 Nd6 43. Rg5+ Kf6 44. Rxc5 Nxb7 45. Rb5 Rd8 46. Rxb7 Kg5 47. Rb5+ Kh4 48. Rb4+ Kh5 49. Bf3+ Kg5 50. Kg3 Rd3 51. h4+ Kh6 52. Rb6+ Kg7 53. Kf4 Ra3 54. h5 Ra4+ 55. Be4 Ra5 56. h6+ Kf7 57. Rb7+ Kf6 58. h7 Rh5 59. Rb8 Kg7 60. Rg8+ Kf7 61. Bg6+ Ke7 62. Bxh5 1-0


[Site "https://www.chess.com"]

[Event "Titled Tuesday Blitz February 14 Early 2023"]
[White "AyMitecK"]
[Black "Skliarov, Viktor"]
[BlackFideId "14106736"]
[WhiteElo "2484"]
[BlackElo "2383"]
[Result "1-0"]
[Round "06"]
[TimeControl "180+2"]
[Date "2023.02.15"]
[WhiteClock "0:00:49"]
[BlackClock "0:00:04"]

1. e4 c5 2. Nf3 Nc6 3. Bb5 e6 4. O-O Nge7 5. Re1 Nd4 6. Nxd4 cxd4 7. c3 a6 8. Ba4 b5 9. Bb3 Nc6 10. a4 b4 11. d3 bxc3 12. bxc3 dxc3 13. Nxc3 Nd4 14. Bc4 Bb4 15. Bd2 O-O 16. Re3 Bb7 17. Rg3 d5 18. exd5 exd5 19. Ba2 Ne6 20. Rb1 a5 21. d4 Rc8 22. Nb5 Bxd2 23. Qxd2 Ba6 24. Re1 Rb8 25. Bb1 Qf6 26. Rf3 Qh4 27. Rh3 Qf4 28. Bxh7+ Kh8 29. Qd3 Ng5 30. Rh5 g6 31. Bxg6+ Kg7 32. Bf5 Rh8 33. Rxh8 Rxh8 34. h3 Bc8 35. Re5 Qc1+ 36. Qf1 Nf3+ 37. gxf3 Qg5+ 38. Bg4 f5 39. Nd6 Qf4 40. Nxf5+ Bxf5 41. Rxf5 Qxd4 42. Qc1 Rb8 43. Qc7+ Kh6 44. Rh5+ 1-0


[Site "https://www.chess.com"]

[Event "Titled Tuesday Blitz February 14 Early 2023"]
[White "Skvortsov, Andrei"]
[Black "Fiorito, Francisco"]
[WhiteFideId "24108600"]
[BlackFideId "180165"]
[WhiteElo "2313"]
[BlackElo "2305"]
[Result "1-0"]
[Round "06"]
[TimeControl "180+2"]
[Date "2023.02.15"]
[WhiteClock "0:01:28"]
[BlackClock "0:00:06"]

1. e4 c5 2. g3 Nc6 3. Bg2 g6 4. Nf3 Bg7 5. O-O d6 6. Re1 e6 7. c3 Nge7 8. d4 cxd4 9. cxd4 O-O 10. Nc3 d5 11. e5 h6 12. g4 g5 13. Be3 Ng6 14. Qd2 f6 15. exf6 Qxf6 16. h3 Bd7 17. Nh2 Nh4 18. Bh1 Kh8 19. Ne2 Rae8 20. Rad1 Ne7 21. Ng3 Neg6 22. Nh5 Qf7 23. f3 Kh7 24. Bf2 Bh8 25. Bg2 Kg8 26. Qd3 Nxg2 27. Kxg2 Nf4+ 28. Nxf4 Qxf4 29. Qg6+ Bg7 30. Bg3 Qf6 31. Qxf6 Rxf6 32. Be5 Rf7 33. Nf1 Ref8 34. Bxg7 Kxg7 35. Re3 Rf6 36. Ng3 R6f7 37. Rc1 Rc8 38. Rec3 Rc6 39. b4 a6 40. a3 Kg8 41. Rc5 Rf4 42. Ne2 Rf8 43. Kf2 Rfc8 44. f4 Rf8 45. Ke3 Kf7 46. fxg5 hxg5 47. Rf1+ Ke7 48. Rxf8 Kxf8 49. Ng1 Ke7 50. Nf3 Kf6 51. Ne5 Rd6 52. Rc7 Bc6 53. Rf7# 1-0


[Site "https://www.chess.com"]

[Event "Titled Tuesday Blitz February 14 Early 2023"]
[White "Martic, Ivan"]
[Black "Souleidis, Georgios"]
[WhiteFideId "929301"]
[BlackFideId "4206827"]
[WhiteElo "2301"]
[BlackElo "2419"]
[Result "1-0"]
[Round "06"]
[TimeControl "180+2"]
[Date "2023.02.15"]
[WhiteClock "0:00:21"]
[BlackClock "0:00:05"]

1. e4 c5 2. Nf3 e6 3. d4 cxd4 4. Nxd4 Nf6 5. Nc3 Nc6 6. Ndb5 Bc5 7. Bf4 O-O 8. Bc7 Qe7 9. Bd6 Bxd6 10. Qxd6 Qd8 11. O-O-O a6 12. Nd4 Ne7 13. f4 Ne8 14. Qa3 Rb8 15. Nb3 b5 16. Qa5 Qxa5 17. Nxa5 d6 18. b4 Bd7 19. Be2 Nc6 20. Nxc6 Bxc6 21. a3 Rc8 22. Kb2 g6 23. Rhe1 f6 24. g3 Rf7 25. h4 Rfc7 26. Bd3 Kf7 27. Rd2 Ke7 28. e5 dxe5 29. fxe5 f5 30. Ne2 Rd7 31. Red1 Rcd8 32. Nf4 Bf3 33. Rf1 Bg4 34. Rh2 Nc7 35. Ra1 Nd5 36. Re1 Kf7 37. Rf2 Ke7 38. Rff1 Rc7 39. Rf2 Rcd7 40. Rd2 Nxf4 41. gxf4 Rd4 42. Rf2 h6 43. Ra1 Rb8 44. Kc3 Rd7 45. a4 Rc7+ 46. Kb3 bxa4+ 47. Rxa4 Rcb7 48. c3 Rd7 49. Bc2 Rb6 50. Ra5 Rc7 51. Rf1 Bh3 52. Rfa1 Rcc6 53. Bd3 Bg2 54. Rxa6 Rxa6 55. Rxa6 Rc7 56. Ra2 Bd5+ 57. c4 Bf3 58. b5 g5 59. hxg5 hxg5 60. fxg5 Bb7 61. Kb4 f4 62. c5 Bd5 63. b6 Rb7 64. Ra7 Kf7 65. Rxb7+ Bxb7 66. Kb5 f3 67. c6 Bc8 68. b7 Bxb7 69. cxb7 1-0


[Site "https://www.chess.com"]

[Event "Titled Tuesday Blitz February 14 Early 2023"]
[White "Sanchez, Robert"]
[Black "Vlassov, Nikolai"]
[WhiteFideId "2034360"]
[BlackFideId "4103360"]
[WhiteElo "1966"]
[BlackElo "2283"]
[Result "1-0"]
[Round "06"]
[TimeControl "180+2"]
[Date "2023.02.15"]
[WhiteClock "0:00:04"]
[BlackClock "0:00:04"]

1. Nf3 c5 2. e3 b6 3. Bc4 Bb7 4. d4 e6 5. O-O Nf6 6. Nc3 a6 7. a4 Nc6 8. dxc5 Bxc5 9. e4 Qc7 10. Bg5 Ng4 11. Bh4 h5 12. Bg3 d6 13. h3 Nge5 14. Be2 Nxf3+ 15. Bxf3 h4 16. Bh2 Nd4 17. Kh1 Rd8 18. Qd3 Nxf3 19. Qxf3 Bd4 20. Rad1 Bxc3 21. bxc3 O-O 22. Qg4 Qxc3 23. Bxd6 Rfe8 24. f4 f6 25. e5 f5 26. Qxh4 Qxc2 27. Qg3 Qxa4 28. Rc1 Rd7 29. Rc3 Qe4 30. Rfc1 Red8 31. Rc7 a5 32. Rxd7 Rxd7 33. Qg6 Rxd6 34. exd6 Qxf4 35. Rd1 1-0


[Site "https://www.chess.com"]

[Event "Titled Tuesday Blitz February 14 Early 2023"]
[White "Chylewski, Patryk"]
[Black "Abdilkhair, Abilmansur"]
[WhiteFideId "1186191"]
[BlackFideId "13716417"]
[WhiteElo "2281"]
[BlackElo "2268"]
[Result "1-0"]
[Round "06"]
[TimeControl "180+2"]
[Date "2023.02.15"]
[WhiteClock "0:01:03"]
[BlackClock "0:00:15"]

1. d4 Nf6 2. c4 e6 3. Nf3 b6 4. a3 Bb7 5. Nc3 d5 6. cxd5 exd5 7. g3 Be7 8. Bg2 O-O 9. O-O Ne4 10. Nxe4 dxe4 11. Ne5 Nd7 12. Qa4 Nxe5 13. dxe5 Qd5 14. Rd1 Qxe5 15. Bf4 Qxb2 16. Bxe4 Bxe4 17. Qxe4 Bf6 18. e3 Qxa1 19. Rxa1 Bxa1 20. Bxc7 Rac8 21. Qb7 Ra8 22. h4 Bb2 23. a4 Ba3 24. Be5 Bc5 25. h5 h6 26. Bb2 a5 27. Qe4 Rae8 28. Qg4 f6 29. Qc4+ Kh8 30. Kg2 Rd8 31. Bc3 Rc8 32. Qb3 Rfd8 33. Qe6 Bb4 34. Bxf6 gxf6 35. Qxf6+ Kg8 36. Qg6+ Kf8 37. Qxh6+ Ke8 38. Qxb6 Rd6 39. Qb5+ Kd8 40. h6 Rc5 41. Qb8+ Ke7 42. h7 1-0


[Site "https://www.chess.com"]

[Event "Titled Tuesday Blitz February 14 Early 2023"]
[White "Bon, Michael"]
[Black "Ambartsumova, Karina"]
[WhiteFideId "620696"]
[BlackFideId "4166299"]
[WhiteElo "2394"]
[BlackElo "2393"]
[Result "0-1"]
[Round "06"]
[TimeControl "180+2"]
[Date "2023.02.15"]
[WhiteClock "0:00:30"]
[BlackClock "0:00:34"]

1. e4 e5 2. Nc3 Nf6 3. Bc4 c6 4. d4 Bd6 5. Nf3 Qe7 6. O-O b5 7. Bb3 O-O 8. dxe5 Bxe5 9. Nxe5 Qxe5 10. f4 Qc5+ 11. Kh1 d6 12. Qf3 Re8 13. e5 dxe5 14. fxe5 Qxe5 15. Bf4 Qf5 16. Rae1 Be6 17. Re5 Qg4 18. Bxe6 Rxe6 19. Qxg4 Nxg4 20. Rxe6 fxe6 21. Rd1 Nf2+ 22. Kg1 Nxd1 23. Nxd1 Nd7 0-1


[Site "https://www.chess.com"]

[Event "Titled Tuesday Blitz February 14 Early 2023"]
[White "Jovic, Stanoje"]
[Black "Ladan, Nicholas"]
[WhiteFideId "905020"]
[BlackFideId "30918855"]
[WhiteElo "2075"]
[BlackElo "2228"]
[Result "1-0"]
[Round "06"]
[TimeControl "180+2"]
[Date "2023.02.15"]
[WhiteClock "0:01:03"]
[BlackClock "0:00:10"]

1. c4 e5 2. g3 Nc6 3. Bg2 Bc5 4. Nc3 d6 5. Nf3 a6 6. O-O h5 7. e3 h4 8. d4 Ba7 9. dxe5 hxg3 10. hxg3 Bh3 11. exd6 Qc8 12. Ng5 Bxg2 13. Kxg2 f6 14. d7+ Qxd7 15. Qxd7+ Kxd7 16. Rd1+ Kc8 17. Ne6 g5 18. Nd5 Bb8 19. b4 b5 20. Bb2 Kb7 21. Rac1 Ne5 22. Bxe5 fxe5 23. cxb5 axb5 24. Ndxc7 Rxa2 25. Nxb5 Nf6 26. Nc5+ Kb6 27. Nc3 Ra8 28. Nd7+ Nxd7 29. Rxd7 e4 30. Nxe4 Ra7 31. Rd5 g4 32. Rg5 Re7 33. Rxg4 Reh7 34. Rg6+ Kb5 35. Rc5+ Kxb4 36. Rb6+ Ka4 37. Rc1 Rh2+ 38. Kf3 Be5 39. Rcb1 Ka5 40. R1b5+ Ka4 41. Nc5+ Ka3 42. Ra6# 1-0


[Site "https://www.chess.com"]

[Event "Titled Tuesday Blitz February 14 Early 2023"]
[White "Enkhtuul, Altan-Ulzii"]
[Black "Yurovskykh, Oleksandr"]
[WhiteFideId "4901444"]
[BlackFideId "14134020"]
[WhiteElo "2254"]
[BlackElo "2328"]
[Result "1-0"]
[Round "06"]
[TimeControl "180+2"]
[Date "2023.02.15"]
[WhiteClock "0:00:24"]
[BlackClock "0:00:01"]

1. d4 d5 2. Nf3 Nf6 3. g3 Bg4 4. Bg2 e6 5. O-O Nbd7 6. c4 c6 7. Qc2 Be7 8. Nbd2 Bf5 9. Qb3 Qb6 10. c5 Qxb3 11. axb3 h6 12. b4 a6 13. Nb3 Bd8 14. Re1 Bc7 15. Bf4 Bxf4 16. gxf4 O-O-O 17. Ne5 Nxe5 18. fxe5 Nd7 19. Rec1 Kc7 20. Nd2 f6 21. f4 g5 22. exf6 Nxf6 23. fxg5 hxg5 24. Nf3 g4 25. Ne5 Rh7 26. b5 axb5 27. Ra7 Rdh8 28. Rca1 Rxh2 29. R1a6 Be4 30. Bxe4 Nxe4 31. Nxg4 Rxe2 32. Rb6 Nd6 33. Ne5 Rd8 34. Rxc6+ Kb8 35. Rxd6 Rg8+ 36. Kf1 Rxe5 37. Rxb7+ Kxb7 38. dxe5 Rg6 39. Rb6+ Kc7 40. b4 Rg4 41. Rxb5 1-0


[Site "https://www.chess.com"]

[Event "Titled Tuesday Blitz February 14 Early 2023"]
[White "Kejna, Piotr"]
[Black "Prado Lobo, Jonas"]
[WhiteFideId "21821704"]
[BlackFideId "32050666"]
[WhiteElo "2027"]
[BlackElo "2313"]
[Result "1-0"]
[Round "06"]
[TimeControl "180+2"]
[Date "2023.02.15"]
[WhiteClock "0:00:53"]
[BlackClock "0:01:44"]

1. e4 c5 2. b3 Nf6 3. Nc3 d5 4. exd5 Nxd5 5. Nxd5 Qxd5 6. Nf3 Bg4 7. Bb2 Qe4+ 8. Be2 Bxf3 9. gxf3 Qf4 10. d4 Nc6 11. d5 O-O-O 12. c4 Ne5 13. Bc1 Nxf3+ 14. Bxf3 Qe5+ 15. Be3 Qxa1 16. Qxa1 1-0


[Site "https://www.chess.com"]

[Event "Titled Tuesday Blitz February 14 Early 2023"]
[White "Zherebtsova, Alexandra"]
[Black "Shimelkov, Vasiliy"]
[WhiteFideId "24129518"]
[BlackFideId "13701630"]
[WhiteElo "2155"]
[BlackElo "2159"]
[Result "1/2-1/2"]
[Round "06"]
[TimeControl "180+2"]
[Date "2023.02.15"]
[WhiteClock "0:00:21"]
[BlackClock "0:00:43"]

1. d4 d5 2. Nf3 Nf6 3. c4 e6 4. Nbd2 c5 5. cxd5 exd5 6. g3 c4 7. Bg2 Nc6 8. O-O Be7 9. Nb1 O-O 10. b3 b5 11. a4 b4 12. bxc4 dxc4 13. Ne5 Nxd4 14. Bxa8 Bh3 15. Bg2 Bxg2 16. Kxg2 c3 17. Nxc3 bxc3 18. Nf3 Nc6 19. Qxd8 Rxd8 20. Ba3 Bxa3 21. Rxa3 Ne4 22. Rc1 g6 23. Ng1 Na5 24. f3 Nc4 25. Raxc3 Nxc3 26. Rxc3 Nb2 27. Rc7 a5 28. Rc2 Nxa4 29. Ra2 Rd4 30. e3 Rc4 31. Ne2 Nc3 32. Nxc3 Rxc3 33. Rxa5 Rxe3 34. h4 h5 35. Ra7 Rc3 36. Kf2 Kg7 37. Rb7 Rc2+ 38. Ke3 Rg2 39. Kf4 Rg1 40. Ra7 Rb1 41. Rc7 Rb4+ 42. Ke3 Rb3+ 43. Kf4 Rb4+ 44. Ke3 Rb3+ 45. Kf4 Rb4+ 1/2-1/2


[Site "https://www.chess.com"]